 Dungeon Crawl Stone Soup version 0.26-a0-264-g3a47132 (webtiles) character file.

Game seed: 17648751375418381984

737 Illumine the Magician (level 7, -7/40 HPs)
             Began as a Deep Elf Fire Elementalist on July 14, 2020.
             Was a Follower of Vehumet.
             Killed by divine providence
             ... invoked by an orc priest
              (12 damage)
             ... on level 5 of the Dungeon.
             The game lasted 00:09:59 (5818 turns).

Illumine the Magician (Deep Elf Fire Elementalist)  Turns: 5818, Time: 00:10:00

Health: -7/40      AC:  3    Str:  5    XL:     7   Next: 46%
Magic:  4/17       EV: 15    Int: 22    God:    Vehumet [*.....]
Gold:   238        SH:  0    Dex: 15    Spells: 9/17 levels left

rFire    . . .     SeeInvis .   w - +2 dagger (venom)
rCold    . . .     Faith    .   (no shield)
rNeg     . . .     Spirit   .   a - +0 robe
rPois    .         Reflect  .   (no helmet)
rElec    .         Harm     .   (no cloak)
rCorr    .                      x - +0 pair of gloves
MR       +....                  (no boots)
Stlth    ++........             (no amulet)
HPRegen  0.13/turn              D - ring of wizardry
MPRegen  0.15/turn              h - ring of protection from magic

@: no status effects
A: no striking features
a: Renounce Religion


You were on level 5 of the Dungeon.
You worshipped Vehumet.
Vehumet was aware of your devotion.
You were not hungry.

You visited 1 branch of the dungeon, and saw 5 of its levels.

You collected 238 gold pieces.

Inventory:

Hand Weapons
 i - a +0 dagger
 l - a +0 hunting sling
 w - a +2 dagger of venom (weapon)
 B - a +3 short sword of draining
Missiles
 k - 84 stones (quivered)
Armour
 a - a +0 robe (worn)
 o - a +0 kite shield
 x - a +0 pair of gloves (worn)
 E - a +3 leather armour of poison resistance
Jewellery
 h - a ring of protection from magic (right hand)
 D - a ring of wizardry (left hand)
Wands
 u - a wand of acid (6)
 A - a wand of polymorph (10)
Scrolls
 e - 6 scrolls of teleportation
 f - 3 scrolls of blinking
 g - a scroll of fear {unknown}
 m - 4 scrolls of enchant weapon
 n - 3 scrolls of identify
 q - 3 scrolls of remove curse
 t - 4 scrolls of magic mapping {unknown}
 y - 2 scrolls of enchant armour {unknown}
 z - a scroll of fog {unknown}
 C - a scroll of amnesia {unknown}
Potions
 b - a potion of invisibility
 d - a potion of berserk rage {unknown}
 j - a potion of heal wounds {unknown}
 p - a potion of might {unknown}
 r - a potion of curing {unknown}
 s - a potion of mutation {unknown}
 v - a potion of ambrosia {unknown}
 F - a potion of flight {unknown}
Comestibles
 c - 11 rations


   Skills:
 + Level 2.4 Fighting
 + Level 4.8 Dodging
 - Level 2.4 Stealth
 + Level 5.5 Spellcasting
 + Level 3.9 Conjurations
 + Level 5.1 Fire Magic
 + Level 2.3 Evocations


You had 9 spell levels left.
You knew the following spells:

 Your Spells              Type           Power        Failure   Level
a - Foxfire               Conj/Fire      ####         1%          1
b - Conjure Flame         Conj/Fire      ####....     1%          3
c - Sticky Flame          Conj/Fire      ####....     6%          4

Your spell library contained the following spells:

 Spells                   Type           Power        Failure   Level
 Sandblast                Erth           #.....       4%          1
 Inner Flame              Hex/Fire       ###.....     4%          3
 Confusing Touch          Hex            #.......     12%         3
 Gell's Gravitas          Tloc           #.........   12%         3
 Fireball                 Conj/Fire      ####......   16%         5
 Petrify                  Tmut/Erth      #.......     34%         4
 Metabolic Englaciation   Hex/Ice        #.........   69%         5
 Yara's Violent Unravell  Hex/Tmut       #.........   69%         5


Dungeon Overview and Level Annotations

Branches:
Dungeon (5/15)
 Temple: D:4-7

Altars:
Ashenzari
Cheibriados
Hepliaklqana
Vehumet
Wu Jian
Yredelemnul


Message History

The sky beast is moderately wounded.
The sky beast hits you. The sky beast shocks you.
The orc priest hits you with a +0 short sword!
* * * LOW HITPOINT WARNING * * *
Casting: Foxfire (safe; 1% risk of failure)
Confirm with . or Enter, or press ? or * to list all spells.
Okay, then.
Casting: Foxfire (safe; 1% risk of failure)
Confirm with . or Enter, or press ? or * to list all spells.
The spell is quite dangerous to cast (6% risk of failure)!
Continue anyway?
Aiming: Sticky Flame (quite dangerous; 6% risk of failure)
Press: ? - help, Shift-Dir - straight line, f - orc priest
Aim: an orc priest, wielding a +0 short sword and wearing a +0 ring mail (moderately wounded)
The sticky flame hits the orc priest.
The orc priest is heavily wounded.
The orc priest is covered in liquid flames!
The orc priest burns!
The sky beast completely misses you.
The orc priest calls down the wrath of Beogh upon you.
Beogh smites you!
You die...

#.# .# #.# .# #
##.##### # ##.#
##......#
##.#.###.........#
###.#.#.#....###...#
####..#...#....##
...
.....#.....##o.## ..
#........[@)..# #
#.##......Y.......
##<.†....###...#
.............## ..##
##.####.....## ..#
##.#...# .# .......#
....$.... ..####.


You could see a sky beast and an orc priest (burning).

Vanquished Creatures
  Edmund (D:4)
  Duvessa (D:4)
  Blork the orc (D:4)
  Dowan (D:4)
  A howler monkey (D:5)
  A hound (D:4)
  A jelly (D:5)
  2 iguanas (D:4)
  2 worker ants (D:4)
  A worker ant zombie (D:4)
  A howler monkey zombie (D:5)
  4 gnolls (D:3)
  5 adders
  An ooze (D:4)
  An adder skeleton (D:5)
  2 dart slugs (D:3)
  2 leopard geckos
  8 orcs
  3 bats (D:3)
  3 giant cockroaches (D:3)
  6 goblins
  5 hobgoblins
  6 jackals
  6 quokkas (D:4)
  4 frilled lizards
  8 kobolds
  10 rats
87 creatures vanquished.

Vanquished Creatures (others)
  283 foxfires
  A plant (D:4)
284 creatures vanquished.

Grand Total: 371 creatures vanquished

Notes
Turn   | Place    | Note
-------+----------+-------------------------------------------
     0 | D:1      | Illumine the Deep Elf Fire Elementalist began the quest for
                  | the Orb.
     0 | D:1      | Reached XP level 1. HP: 10/10 MP: 6/6
   425 | D:1      | Reached XP level 2. HP: 15/15 MP: 6/8
   819 | D:2      | Found a snail-covered altar of Cheibriados.
  1024 | D:2      | Found a hazy altar of Hepliaklqana.
  1313 | D:2      | Reached XP level 3. HP: 19/19 MP: 7/10
  1337 | D:2      | Learned a level 3 spell: Conjure Flame
  1957 | D:3      | Reached XP level 4. HP: 9/24 MP: 7/11
  1987 | D:3      | HP: 1/24 [hobgoblin/+0 club (4)]
  2839 | D:3      | Found a radiant altar of Vehumet.
  2915 | D:3      | Became a worshipper of Vehumet
  2993 | D:3      | Reached skill level 1 in Fighting
  3119 | D:3      | Found an ornate altar of the Wu Jian Council.
  3119 | D:3      | Found a basalt altar of Yredelemnul.
  3603 | D:4      | Noticed Blork the orc
  3606 | D:4      | Killed Blork the orc
  3606 | D:4      | Reached XP level 5. HP: 12/29 MP: 13/13
  3798 | D:4      | Learned a level 4 spell: Sticky Flame
  3874 | D:4      | Found a shattered altar of Ashenzari.
  3993 | D:4      | Found a radiant altar of Vehumet.
  3998 | D:4      | Reached XP level 6. HP: 34/34 MP: 11/14
  4430 | D:4      | Noticed Duvessa
  4435 | D:4      | Noticed Dowan
  4445 | D:4      | Killed Duvessa
  4445 | D:4      | Reached skill level 1 in Evocations
  4659 | D:4      | Noticed Edmund
  4666 | D:5      | Entered Level 5 of the Dungeon
  4686 | D:5      | Reached skill level 5 in Spellcasting
  5012 | D:4      | Reached XP level 7. HP: 40/40 MP: 13/16
  5155 | D:4      | Killed Dowan
  5155 | D:4      | Reached * piety under Vehumet
  5155 | D:4      | Offered knowledge of Sandblast by Vehumet.
  5622 | D:4      | Killed Edmund
  5622 | D:4      | Reached skill level 5 in Fire Magic
  5818 | D:5      | Killed from afar by an orc priest

Illustrated notes

Levels and vault maps discovered:
D:1:      dpeg_arrival_simpleton_c, layout_basic
D:2:      layout_loops_ring, lemuel_crystal_altar, lemuel_crystal_altar
D:3:      layout_basic, gammafunk_temple_overflow_elements, vehumet_crystals,
          serial_bayou, serial_bayou_pond_a, serial_bayou_shore_b,
          serial_bayou_lake_a, serial_bayou_crossing, first_ration,
          minmay_fractal_squares_5
D:4:      wad_woods_stonehenge, layout_basic, lemuel_round_altar, uniq_edmund,
          uniq_duvessa, uniq_blork_the_orc
D:5:      layout_loops_ring, xom_butterflies, hangedman_decor_growths,
          minmay_shop_enchanted_jewellery, minmay_crystal_room

Skill      XL: |  1  2  3  4  5  6  7 |
---------------+----------------------+-----
Dodging        | 3 4 |  4.8
Conjurations   | 2 3 |  3.9
Fire Magic     | 4 5 |  5.1
Spellcasting   | 4 5 |  5.5
Fighting       | 1 2 |  2.4
Evocations     | 1 2 |  2.3
Stealth        | |  2.4

Action                   |  1- 3 |  4- 6 |  7- 9 || total
-------------------------+-------+-------+-------++-------
Melee: Dagger            |       |     7 |       ||     7
 Cast: Foxfire           |    39 |   100 |    28 ||   167
       Sticky Flame      |       |     2 |     2 ||     4
       Conjure Flame     |       |       |     1 ||     1
Evoke: Wand              |       |     3 |       ||     3
  Use: Scroll            |     1 |     4 |     1 ||     6
  Eat: Ration            |     1 |     3 |     1 ||     5
Armor: Robe              |     1 |    12 |     1 ||    14
Dodge: Dodged            |    14 |    41 |     8 ||    63

Table legend:
 A = Non-vault XP
 B = Vault XP
 C = Vault XP percentage of total XP
 D = Non-vault monster count
 E = Vault monster count
 F = Vault count percentage of total count
                 A         B        C        D         E       F
            +---------+---------+-------+---------+---------+-------
      Total |     542 |     511 |  48.5 |      74 |      13 |  14.9
            +---------+---------+-------+---------+---------+-------
        D:1 |      18 |       0 |   0.0 |      13 |       0 |   0.0
        D:2 |      27 |       0 |   0.0 |      10 |       0 |   0.0
        D:3 |     126 |      11 |   8.0 |      28 |       4 |  12.5
        D:4 |     241 |     500 |  67.5 |      14 |       9 |  39.1
        D:5 |     130 |       0 |   0.0 |       9 |       0 |   0.0
            +---------+---------+-------+---------+---------+-------
